 Dungeon Crawl Stone Soup version 0.31-a0-277-g31ea1f65cc (webtiles) character file.

Game seed: 9715987606278233682

177 zazu2006 the Grave Robber (level 5, -1/55 HPs)
             Began as a Gnoll Wanderer on July 15, 2023.
             Slain by an orc
             ... wielding a +1 trident of protection
              (3 damage)
             ... on level 4 of the Dungeon.
             The game lasted 00:08:03 (2860 turns).

zazu2006 the Grave Robber (Gnoll Wanderer)          Turns: 2860, Time: 00:08:04

Health: -1/55      AC: 22    Str: 11    XL:     5   Next: 57%
Magic:  12/12      EV:  2    Int: 15    God:
Gold:   221        SH:  0    Dex: 10    Spells: 14/14 levels left

rFire   + . .        p - +2 dagger (speed)
rCold   . . .        (no shield)
rNeg    . . .        e - melded +0 leather armour
rPois   +            (helmet currently unavailable)
rElec   .            (cloak currently unavailable)
rCorr   .            (gloves currently unavailable)
SInv    .            (boots currently unavailable)
Will    .....        (no amulet)
Stlth   ++           q - ring of protection from fire
HPRegen 0.29/turn    (no ring)
MPRegen 0.13/turn

%: no passive effects
@: mighty, brilliant, tree-form, invisible
A: stationary, stasis, torment immunity, boosted hp, (fangs 1), strong nose,
distributed training
a: no special abilities


You were on level 4 of the Dungeon.
You were a tree.
You visited 1 branch of the dungeon, and saw 4 of its levels.

You collected 221 gold pieces.

Inventory:

Hand Weapons
 p - a +2 dagger of speed (weapon)
Missiles
 b - 17 poisoned darts
 j - 5 silver boomerangs
 k - 7 boomerangs (quivered)
Armour
 d - a +0 robe
 e - a +0 leather armour (melded)
 t - an orb of mayhem
Jewellery
 q - a ring of protection from fire (left branch)
Talismans
 l - a beast talisman
Scrolls
 a - a scroll of teleportation {unknown}
 f - 4 scrolls of identify {unknown}
 o - a scroll of butterflies {unknown}
 s - a scroll of enchant weapon {unknown}
 w - a scroll of fear {unknown}
Potions
 h - a potion of magic {unknown}
 m - a potion of heal wounds {unknown}
 n - 4 potions of might
 r - a potion of brilliance
 u - a potion of berserk rage {unknown}
 v - 2 potions of haste {unknown}


   Skills:
 + Level 1.6 Fighting
 + Level 1.6 Short Blades
 + Level 1.6 Long Blades
 + Level 1.6 Axes
 + Level 1.6 Maces & Flails
 + Level 1.6 Polearms
 + Level 1.6 Staves
 + Level 1.6 Ranged Weapons
 + Level 4.8 Throwing
 + Level 1.6 Armour
 + Level 1.6 Dodging
 + Level 2.8 Stealth
 + Level 1.6 Shields
 + Level 1.6 Unarmed Combat
 + Level 5.2 Spellcasting
 + Level 1.2 Conjurations
 + Level 2.4 Hexes
 + Level 1.2 Summonings
 + Level 5.5 Necromancy
 + Level 1.2 Translocations
 + Level 1.2 Transmutations
 + Level 1.2 Fire Magic
 + Level 1.2 Ice Magic
 + Level 1.2 Air Magic
 + Level 1.2 Earth Magic
 + Level 1.2 Poison Magic
 + Level 3.1 Invocations
 + Level 1.6 Evocations
 + Level 1.2 Shapeshifting


You had 14 spell levels left.
You didn't know any spells.
Your spell library contained the following spells:

 Spells                   Type           Power      Damage    Failure   Level
 Sublimation of Blood     Necr           31%        N/A       2%          2
 Kiss of Death            Conj/Necr      84%        2d11      4%          1
 Slow                     Hex            68%        N/A       6%          1
 Portal Projectile        Hex/Tloc       28%        N/A       22%         3
 Anguish                  Hex/Necr       12%        N/A       30%         4
 Petrify                  Tmut/Erth      11%        N/A       67%         4
 Irradiate                Conj/Tmut      5%         3d13      95%         5
 Conjure Ball Lightning   Conj/Air       5%         3x3d6     100%        6
 Discord                  Hex            8%         N/A       100%        8
 Disjunction              Tloc           5%         N/A       100%        8


Dungeon Overview and Level Annotations

Branches:
Dungeon (4/15)
 Temple: D:4-7

Altars:
Elyvilon
Gozag


Innate Abilities, Weirdness & Mutations

You are a tree.
Your roots penetrate the ground, keeping you stationary.
You cannot be teleported.
You are immune to unholy pain and torment.
Your maximum health is greatly increased.
Your equipment is partially melded.
((You have very sharp teeth.))
Your uncanny sense of smell can sniff out nearby items.
Your experience applies equally to all skills.


Message History

The orc hits you but does no damage.
The orc priest hits you but does no damage.
You puncture the orc priest!
You kill the orc priest!
Throw: 7 boomerangs
Press: ? - help, Q - select action, (/) - cycle Shift-Dir - straight line, f/p - orc
Aim: an orc, wielding a +1 trident of protection (54% to hit)
You throw a boomerang.
The boomerang hits the orc but does no damage.
The orc hits you from afar with a +1 trident of protection.
* * * LOW HITPOINT WARNING * * *
You hit the kobold.
You kill the kobold!
The orc hits you but does no damage.
Throw: 7 boomerangs
Press: ? - help, Q - select action, (/) - cycle Shift-Dir - straight line, f/p - orc
Aim: an orc, wielding a +1 trident of protection (54% to hit)
You throw a boomerang. The boomerang closely misses the orc.
The orc hits you but does no damage.
Okay, then.
Okay, then.
Throw: 19 darts (poison)
Press: ? - help, Shift-Dir - straight line, f/p - orc
Aim: an orc, wielding a +1 trident of protection (54% to hit)
You throw a poisoned dart. The poisoned dart hits the orc!
The orc hits you but does no damage.
Unknown command.
Unknown command.
Throw: 18 darts (poison)
Press: ? - help, Shift-Dir - straight line, f/p - orc
Aim: an orc, wielding a +1 trident of protection (54% to hit)
You throw a poisoned dart.
The poisoned dart barely misses the orc.
The orc hits you from afar with a +1 trident of protection.
* * * LOW HITPOINT WARNING * * *
Unknown command.
It was a potion of invisibility.
You fade into invisibility!
The orc hits you from afar with a +1 trident of protection.
You die...

..............##.#.#.#
..............##.....#
#.#####.#.....##.._..#
........#.....##.....#
........#.....##.#.#.#
........#.....##.#.#.#
........#.....##.#.#.#
........########.#.#.#
........# #♣#)#.#
........########)#.#.#
...........K...o.....#
.....................#
...........o..(....[.#
........########.#.#.#
........# #.#...#
........# #.#.###
....)...# #.#.#


You could see an orc (unable to see you).

Vanquished Creatures
  An orc priest (D:4)
  An iguana (D:4)
  An orc wizard (D:4)
  2 adders (D:2)
  3 worms
  2 dart slugs
  3 orcs
  4 ball pythons
  7 endoplasms
  3 giant cockroaches
  6 goblins
  6 hobgoblins
  6 kobolds
  6 quokkas
  5 bats
  3 frilled lizards
  6 rats
65 creatures vanquished.

Notes
Turn   | Place    | Note
-------+----------+-------------------------------------------
     0 | D:1      | zazu2006 the Gnoll Wanderer began the quest for the Orb.
     0 | D:1      | zazu2006 set off with the following items: a +0 dagger, 11
                  | poisoned darts, a potion of lignification, a +0 robe; and
                  | the following spells available to memorise: Sublimation of
                  | Blood, Kiss of Death, Slow, Portal Projectile, Anguish.
     0 | D:1      | Reached XP level 1. HP: 13/13 MP: 6/6
   218 | D:1      | Reached XP level 2. HP: 19/19 MP: 7/7
   524 | D:1      | Reached XP level 3. HP: 17/25 MP: 9/9
   561 | D:1      | Reached skill level 5 in Spellcasting
  1316 | D:2      | Reached skill level 1 in Fighting
  1316 | D:2      | Reached skill level 1 in Short Blades
  1316 | D:2      | Reached skill level 1 in Long Blades
  1316 | D:2      | Reached skill level 1 in Axes
  1316 | D:2      | Reached skill level 1 in Maces & Flails
  1316 | D:2      | Reached skill level 1 in Polearms
  1316 | D:2      | Reached skill level 1 in Staves
  1316 | D:2      | Reached skill level 1 in Ranged Weapons
  1316 | D:2      | Reached skill level 1 in Armour
  1316 | D:2      | Reached skill level 1 in Dodging
  1316 | D:2      | Reached skill level 1 in Shields
  1316 | D:2      | Reached skill level 1 in Unarmed Combat
  1316 | D:2      | Reached skill level 1 in Evocations
  1482 | D:2      | Reached XP level 4. HP: 29/32 MP: 11/11
  2107 | D:3      | Reached skill level 1 in Conjurations
  2107 | D:3      | Reached skill level 1 in Summonings
  2107 | D:3      | Reached skill level 1 in Translocations
  2107 | D:3      | Reached skill level 1 in Transmutations
  2107 | D:3      | Reached skill level 1 in Fire Magic
  2107 | D:3      | Reached skill level 1 in Ice Magic
  2107 | D:3      | Reached skill level 1 in Air Magic
  2107 | D:3      | Reached skill level 1 in Earth Magic
  2107 | D:3      | Reached skill level 1 in Poison Magic
  2107 | D:3      | Reached skill level 1 in Shapeshifting
  2297 | D:4      | Found a white marble altar of Elyvilon.
  2584 | D:4      | Reached XP level 5. HP: 37/37 MP: 12/12
  2760 | D:4      | Found an opulent altar of Gozag.
  2844 | D:4      | HP: 1/55 [orc/+0 falchion (4)]
  2859 | D:4      | HP: 1/55 [orc/+1 trident of protection (5)]
  2860 | D:4      | Slain by an orc

Illustrated notes

Levels and vault maps discovered:
D:1:      grunt_arrival_lava_bath, layout_loops_cross
D:2:      layout_basic
D:3:      layout_basic
D:4:      layout_basic, mainiacjoe_overflow_24_doors, nicolae_gozag_seed_capital

Skill      XL: |  1  2  3  4 |
---------------+-------------+-----
Hexes          | 2 |  2.4
Spellcasting   | 5 |  5.2
Fighting       | 1 |  1.6
Short Blades   | 1 |  1.6
Long Blades    | 1 |  1.6
Axes           | 1 |  1.6
Maces & Flails | 1 |  1.6
Polearms       | 1 |  1.6
Staves         | 1 |  1.6
Ranged Weapons | 1 |  1.6
Armour         | 1 |  1.6
Dodging        | 1 |  1.6
Shields        | 1 |  1.6
Unarmed Combat | 1 |  1.6
Evocations     | 1 |  1.6
Conjurations   | 1 |  1.2
Summonings     | 1 |  1.2
Translocations | 1 |  1.2
Transmutations | 1 |  1.2
Fire Magic     | 1 |  1.2
Ice Magic      | 1 |  1.2
Air Magic      | 1 |  1.2
Earth Magic    | 1 |  1.2
Poison Magic   | 1 |  1.2
Shapeshifting  | 1 |  1.2
Invocations    | 3 |  3.1
Throwing       | |  4.8
Stealth        | |  2.8
Necromancy     | |  5.5

Action                     |  1- 3 |  4- 6 || total
---------------------------+-------+-------++-------
  Melee: Dagger            |   116 |   107 ||   223
         Bite              |    13 |     8 ||    21
         Punch             |     1 |     1 ||     2
  Throw: Dart              |    43 |     5 ||    48
         Boomerang         |    40 |    16 ||    56
    Use: Potion            |       |     6 ||     6
   Stab: Distracted        |     1 |       ||     1
         Sleeping          |       |     3 ||     3
 Armour: Robe              |    15 |     7 ||    22
         Leather armour    |       |     5 ||     5
         Skin              |       |    14 ||    14
  Dodge: Dodged            |    60 |    33 ||    93
   Form: Beast             |     1 |       ||     1

Table legend: (Time is in decaauts)
 A = Elapsed time spent in this place.
 B = Non-inter-level travel time spent in this place.
 C = Inter-level travel time spent in this place.
 D = Time resting spent in this place.
 E = Time spent auto-exploring this place.
 F = Levels seen in this place.
 G = Mean time per level.
                   A        B        C        D        E       F      G
               +--------+--------+--------+--------+--------+-----+--------+
         Total |   2797 |   2704 |     93 |     53 |   2065 |   4 |  699.2 |
       Dungeon |   2797 |   2704 |     93 |     53 |   2065 |   4 |  699.2 |
               +--------+--------+--------+--------+--------+-----+--------+

Top non-repeatable levels by time:
     D:1: 1031 daAuts
     D:2: 783 daAuts
     D:4: 560 daAuts
     D:3: 422 daAuts
